cohdb
Replays
Latest Replays
All Replays
Popular Replays
Top Player Replays
Match Explorer
How It Works
Community
CoH3 Stats
Reddit
Sign in to upload your games and track your stats! →
Sign in with Steam
Match 41841290
Unlisted
Match 41841290
Overview
Messages
Build Orders
End
Construct Infanterie Kompanie
Kettenkrad Recon Vehicle
Selects Terror Battlegroup
Selects Machine Gun Camouflage
Grenadier Squad
Grenadier Squad
MG 42 Machine Gun Team
Construct Panzergrenadier Kompanie
Selects Interrogate
Panzergrenadier Squad
251 Medium Carrier
Medical Bunker
Support Elements
Panzergrenadier Squad
StuG III G Assault Gun
Selects Defend the Fatherland
Panzergrenadier Officer Quarters
WadoVice
=Thoem=
0
0
Comments
sign in to comment!
No comments posted yet!